 Dungeon Crawl Stone Soup version 0.30-a0-12-gd8047c6341 (webtiles) character file.

Game seed: 1224059308548949760

130 Pooter the Ruffian (level 4, -3/48 HPs)
             Began as a Troll Earth Elementalist on Aug 23, 2022.
             Was a Follower of Sif Muna.
             Slain by a gnoll
             ... wielding a +0 flail
              (8 damage)
             ... on level 2 of the Dungeon.
             The game lasted 00:13:54 (1282 turns).

Pooter the Ruffian (Troll Earth Elementalist)       Turns: 1282, Time: 00:13:55

Health: -3/48      AC:  5    Str: 17    XL:     4   Next: 90%
Magic:  1/8        EV:  9    Int: 15    God:    Sif Muna [*.....]
Gold:   33         SH:  0    Dex:  9    Spells: 9/10 levels left

rFire   + . .      SeeInvis .      - Unarmed
rCold   . . .      Faith    .    (no shield)
rNeg    . . .      Spirit   .    a - +0 robe
rPois   .          Reflect  .    (helmet restricted)
rElec   .          Harm     .    c - +0 cloak
rCorr   +          Rampage  .    (gloves unavailable)
Will    .....                    (boots unavailable)
Stlth   +.........               (no amulet)
HPRegen 0.96/turn                C - ring of resist corrosion
MPRegen 0.11/turn                F - ring of protection from fire

@: no status effects
A: large, unfitting armour, claws 3, regeneration 1, shaggy fur 1, tough skin 1,
antennae 1, clever 1, mutation resistance 1
a: Renounce Religion, Channel Magic


You were on level 2 of the Dungeon.
You worshipped Sif Muna.
Sif Muna was aware of your devotion.
You visited 1 branch of the dungeon, and saw 3 of its levels.

You collected 33 gold pieces.

Inventory:

Missiles
 Q - 5 stones (quivered)
Armour
 a - a +0 robe (worn)
 c - a +0 cloak (worn)
   (You found it on level 1 of the Dungeon)
Jewellery
 C - a ring of resist corrosion (left claw)
   (You found it on level 1 of the Dungeon)
 F - a ring of protection from fire (right claw)
   (You found it on level 1 of the Dungeon)
Scrolls
 f - a scroll of amnesia
 h - a scroll of vulnerability {!r}


   Skills:
 + Level 4.2 Fighting
 - Level 0.3 Throwing
 - Level 1.6 Dodging
 - Level 1.0 Stealth
 * Level 5.3 Unarmed Combat
 * Level 3.6 Spellcasting
 + Level 2.9 Transmutations
 + Level 4.4 Earth Magic


You had 9 spell levels left.
You knew the following spells:

 Your Spells              Type           Power      Damage    Failure   Level
a - Sandblast             Erth           32%        2d9       3%          1

Your spell library contained the following spells:

 Spells                   Type           Power      Damage    Failure   Level
 Passwall                 Tmut/Erth      10%        N/A       6%          2
 Stone Arrow              Conj/Erth      18%        3d8       22%         3
 Petrify                  Tmut/Erth      13%        N/A       38%         4
 Gell's Gravitas          Tloc           2%         N/A       50%         3
 Ozocubu's Armour         Ice            2%         N/A       50%         3
 Teleport Other           Tloc           2%         N/A       50%         3
 Metabolic Englaciation   Hex/Ice        1%         N/A       99%         5
 Dispersal                Tloc           1%         N/A       100%        6
 Simulacrum               Ice/Necr       1%         N/A       100%        6


Dungeon Overview and Level Annotations

Branches:
Dungeon (3/15)

Altars:
Sif Muna


Innate Abilities, Weirdness & Mutations

You are too large for most types of armour.
You have claws for hands.
Your natural rate of healing is unusually fast.
You are covered in fur. (AC +1)
You have tough skin. (AC +1)
You have a pair of small antennae on your head.
Your mind is acute. (Int +4, Str/Dex -1)
You are somewhat resistant to further mutation.


Message History

The adder bites you.
You are poisoned.
The adder poisons you! The gnoll hits you but does no damage.
The ball python barely misses you. The adder bites you but does no damage.
The gnoll hits you from afar with a +0 spear.
The gnoll unwields a +0 sling.
The gnoll wields a +0 flail.
The gnoll hits you with a +0 flail.
Aim: an adder (almost dead, 68% to hit)
The blast of sand hits the adder.
You kill the adder!
Sif Muna accepts your kill.
You feel sick. The ball python barely misses you.
The gnoll hits you but does no damage. The ball python closely misses you.
Your Earth Magic skill increases to level 3!
Aim: a gnoll, wielding a +0 flail and quivering a throwing net (83% to hit)
The blast of sand hits the gnoll!
* * * LOW MAGIC WARNING * * *
You feel sick.
The gnoll hits you from afar with a +0 spear!
* * * LOW HITPOINT WARNING * * *
The ball python closely misses you. The gnoll hits you with a +0 flail.
* * * LOW HITPOINT WARNING * * *
The gnoll barely misses you. The ball python bites you.
* * * LOW HITPOINT WARNING * * *
Unknown command.
It was a potion of mutation.
You feel extremely strange.
You feel clever.
You feel genetically stable. A pair of antennae grows on your head!
You feel sick.
You are no longer poisoned.
The gnoll barely misses you. The ball python bites you.
* * * LOW HITPOINT WARNING * * *
The gnoll hits you from afar with a +0 spear.
* * * LOW HITPOINT WARNING * * *
It was a potion of experience.
You feel more experienced!
Your Fighting skill gained 4 levels and is now at level 4!
Your Unarmed Combat skill gained 4 levels and is now at level 5!
Your Spellcasting skill gained 2 levels and is now at level 3!
Your Transmutations skill increases to level 2!
Your Earth Magic skill increases to level 4!
You have reached level 4!
The gnoll barely misses you.
The ball python bites you but does no damage.
The gnoll hits you but does no damage.
Aim: a gnoll, wielding a +0 flail and quivering a throwing net (heavily wounded, 84% to hit)
The blast of sand hits the gnoll.
* * * LOW MAGIC WARNING * * *
The gnoll hits you with a +0 flail!
You die...

##.# #.<# ..# #...## ..#
...w# ## ##..##### r#l.
.##........ ...
.........) ..#
#......... .. ###
#.†:...... # ...
#@g...... #.# #.S......
# #..#######g....... .
#...##...........
.###### ##....##........
g..g..###.....##........
..###...#.g.#.####.#####
#.#####.#.w.#.# ?#
.....##g....#.# .#


You could see 2 gnolls and a ball python.

Vanquished Creatures
  A gnoll (D:1)
  An adder (D:2)
  A worm (D:2)
  2 dart slugs (D:1)
  5 ball pythons (D:1)
  3 endoplasms (D:1)
  3 giant cockroaches
  2 goblins (D:1)
  2 hobgoblins (D:1)
  6 jackals (D:1)
  4 bats (D:1)
  A frilled lizard (D:2)
  A kobold (D:1)
  4 rats (D:1)
36 creatures vanquished.

Notes
Turn   | Place    | Note
-------+----------+-------------------------------------------
     0 | D:1      | Pooter the Troll Earth Elementalist began the quest for the
                  | Orb.
     0 | D:1      | Reached XP level 1. HP: 16/16 MP: 1/1
   142 | D:1      | Reached XP level 2. HP: 24/24 MP: 0/3
   636 | D:1      | Reached skill level 1 in Unarmed Combat
   637 | D:1      | Reached skill level 1 in Transmutations
   816 | D:1      | Found a faded altar of an unknown god.
   818 | D:1      | Reached XP level 3. HP: 31/31 MP: 4/4
   899 | D:1      | Prayed at the altar of an unknown god.
   899 | D:1      | Became a worshipper of Sif Muna the Loreminder
   899 | D:1      | Reached * piety under Sif Muna
  1280 | D:2      | Gained mutation: Your mind is acute. (Int +4, Str/Dex -1)
                  | [potion of mutation]
  1280 | D:2      | Gained mutation: You are somewhat resistant to further
                  | mutation. [potion of mutation]
  1280 | D:2      | Gained mutation: You have a pair of small antennae on your
                  | head. [potion of mutation]
  1281 | D:2      | Reached skill level 5 in Unarmed Combat
  1281 | D:2      | Reached XP level 4. HP: 3/48 MP: 1/8
  1282 | D:2      | Slain by a gnoll

Illustrated notes

Levels and vault maps discovered:
D:1:      dpeg_chamrin_arrival_tetris, layout_basic,
          nicolae_ecumenical_snake_handling
D:2:      layout_rooms, minmay_indecisive_spiral
D:3:      layout_rooms, evilmike_ruin_ashenzari, nicolae_overflow_hidden_temple,
          minmay_puff

Skill      XL: |  1  2  3 |
---------------+----------+-----
Unarmed Combat | 1 5 |  5.3
Transmutations | 1 2 |  2.9
Earth Magic    | 4 |  4.4
Fighting       | 4 |  4.2
Spellcasting   | 3 |  3.6
Throwing       | |  0.3
Dodging        | |  1.6
Stealth        | |  1.0

Action                   |  1- 3 |  4- 6 || total
-------------------------+-------+-------++-------
Melee: Unarmed           |    59 |       ||    59
Throw: Stone             |    24 |       ||    24
 Cast: Sandblast         |    45 |     1 ||    46
  Use: Scroll            |     3 |       ||     3
       Potion            |     4 |       ||     4
Armor: Robe              |    58 |     2 ||    60
Dodge: Dodged            |    64 |     1 ||    65

Table legend: (Time is in decaauts)
 A = Elapsed time spent in this place.
 B = Non-inter-level travel time spent in this place.
 C = Inter-level travel time spent in this place.
 D = Time resting spent in this place.
 E = Time spent auto-exploring this place.
 F = Levels seen in this place.
 G = Mean time per level.
                   A        B        C        D        E       F      G
               +--------+--------+--------+--------+--------+-----+--------+
         Total |   1307 |   1203 |    104 |    485 |    351 |   3 |  435.7 |
       Dungeon |   1307 |   1203 |    104 |    485 |    351 |   3 |  435.7 |
               +--------+--------+--------+--------+--------+-----+--------+

Top non-repeatable levels by time:
     D:1: 1184 daAuts
     D:2: 121 daAuts
     D:3: 1 daAuts
